 Dungeon Crawl Stone Soup version 0.27-a0-1595-g0b823d0a13 (webtiles) character file.

Game seed: 3468340401784959792

322 bobarctor the Magician (level 6, -5/32 HPs)
             Began as a Deep Elf Necromancer on July 21, 2021.
             Killed from afar by Natasha (9 damage)
             ... with a magic dart
             ... on level 4 of the Dungeon.
             The game lasted 00:13:23 (4699 turns).

bobarctor the Magician (Deep Elf Necromancer)       Turns: 4699, Time: 00:13:23

Health: -5/32      AC:  5    Str:  5    XL:     6   Next: 22%
Magic:  18/18      EV: 12    Int: 22    God:
Gold:   218        SH:  0    Dex: 15    Spells: 2/19 levels left

rFire    . . .     SeeInvis .   n - +1 dagger (elec)
rCold    . . .     Faith    .   (no shield)
rNeg     . . .     Spirit   .   o - +1 animal skin
rPois    .         Reflect  .   p - +0 helmet
rElec    .         Harm     .   r - +0 cloak
rCorr    .         Rampage  .   (no gloves)
Will     .....                  (no boots)
Stlth    ++........             (no amulet)
HPRegen  0.10/turn              (no ring)
MPRegen  0.16/turn              (no ring)

@: no status effects
A: no striking features
a: no special abilities


You were on level 4 of the Dungeon.
You visited 1 branch of the dungeon, and saw 4 of its levels.

You collected 218 gold pieces.

Inventory:

Hand Weapons
 c - a +0 short sword
 n - a +1 dagger of electrocution (weapon)
Missiles
 d - 124 stones
 e - 7 boomerangs of dispersal
 f - 27 poisoned darts (quivered)
 q - 21 arrows
Armour
 a - a +0 robe
 o - a +1 animal skin (worn)
 p - a +0 helmet (worn)
 r - a +0 cloak (worn)
Magical Staves
 b - a staff of cold
Jewellery
 s - an amulet of guardian spirit
Wands
 l - a wand of polymorph (4)
Scrolls
 g - 2 scrolls of enchant weapon {unknown}
 h - a scroll of amnesia {unknown}
 i - a scroll of magic mapping {unknown}
 j - 5 scrolls of identify {unknown}
 t - a scroll of fear {unknown}
 u - a scroll of acquirement {unknown}
Potions
 k - a potion of curing {unknown}
 m - a potion of might {unknown}


   Skills:
 + Level 0.4 Throwing
 + Level 2.6 Dodging
 + Level 2.9 Stealth
 * Level 7.0 Spellcasting
 + Level 6.6 Necromancy


You had 2 spell levels left.
You knew the following spells:

 Your Spells              Type           Power      Damage    Failure   Level
a - Pain                  Necr           100%       1d9       1%          1
b - Animate Skeleton      Necr           72%        N/A       1%          1
c - Vampiric Draining     Necr           18%        2d8       1%          3
d - Dazzling Flash        Conj/Hex       14%        N/A       24%         3
e - Animate Dead          Necr           18%        N/A       5%          4
f - Agony                 Necr           36%        N/A       16%         5

Your spell library contained the following spells:

 Spells                   Type           Power      Damage    Failure   Level
 Iskenderun's Mystic Bla  Conj/Tloc      7%         2d4       63%         4
 Starburst                Conj/Fire      3%         8x6d3     100%        6


Dungeon Overview and Level Annotations

Branches:
Dungeon (4/15)
 Temple: D:4-7

Altars:
Ashenzari
Elyvilon

Annotations:
D:4 Natasha, Sigmund


Message History

Natasha casts a spell.
You see here 18 sling bullets.
Natasha casts a spell at you.
You feel as though you will be slow longer.
Natasha mumbles some strange words.
The crimson imp disappears in a puff of smoke!
You hear some strange, mumbled words.
Something tries to affect you, but you resist.
The white imp gestures at you. The puff of frost hits you!
Natasha casts a spell.
The white imp gestures at you. The puff of frost misses you.
The white imp gestures at you. The puff of frost hits you.
The white imp gestures at you. The puff of frost hits you.
* * * LOW HITPOINT WARNING * * *
The white imp gestures at you. The puff of frost hits you.
* * * LOW HITPOINT WARNING * * *
Natasha casts a spell.
The white imp disappears in a puff of smoke!
The iron imp shouts, "Out, out, thou flimsy fly-bitten pot-faker!"
You feel yourself speed up.
Natasha mewls in sadness.
Sigmund mumbles some strange words.
Sigmund flickers and vanishes!
Natasha mumbles some strange words.
Natasha mumbles some strange words.
Natasha growls.
Natasha stares at you and mumbles some strange words.
You resist with some effort.
You see here 18 sling bullets.
Natasha casts a spell at you. The magic dart hits you.
* * * LOW HITPOINT WARNING * * *
Natasha stares at you and mumbles some strange words.
The magic dart hits you!
You die...

######.###.##.# #.#.###
#.#......# #######....#
###.#......####....(5....#
#...............h..h.###.#
#.#.#.....###.#.####.# #.#
#.#.#.....###.#.# #.# #.#
#.#.###.........# #.# #.#
#.#.# #######.### #.# #.#
#.#.# #@# #.###.# #.#.#
#.# #..##.# #.#.# #.#
##[#.#.#
#.#>#########.#####..##..#
#................†....##.#
###.######.########...#..#
#.# #....#.# ##.##
#.#.##.# #.[.#####.#
#.#.##.#


You could see Natasha.

Vanquished Creatures
  2 ogres (D:4)
  Ijyb (D:3)
  Robin (D:3)
  2 adders (D:2)
  2 adder skeletons (D:4)
  2 worms (D:2)
  3 dart slugs
  7 ball pythons
  2 bats (D:1)
  10 endoplasms
  4 giant cockroaches
  11 goblins
  5 hobgoblins
  6 jackals
  A quokka (D:2)
  3 frilled lizards
  5 kobolds
  6 rats
73 creatures vanquished.

Vanquished Creatures (others)
  A jackal (D:4)
1 creature vanquished.

Grand Total: 74 creatures vanquished

Notes
Turn   | Place    | Note
-------+----------+-------------------------------------------
     0 | D:1      | bobarctor the Deep Elf Necromancer began the quest for the
                  | Orb.
     0 | D:1      | Reached XP level 1. HP: 10/10 MP: 6/6
   240 | D:1      | Reached skill level 5 in Necromancy
   383 | D:1      | Reached XP level 2. HP: 11/15 MP: 4/8
   385 | D:1      | Learned a level 1 spell: Animate Skeleton
  1529 | D:1      | Found a faded altar of an unknown god.
  1742 | D:2      | Reached skill level 4 in Spellcasting
  1742 | D:2      | Reached XP level 3. HP: 15/19 MP: 5/10
  1746 | D:2      | Learned a level 3 spell: Vampiric Draining
  1855 | D:2      | Found a broken altar of Ashenzari.
  2527 | D:2      | Learned a level 3 spell: Dazzling Flash
  2763 | D:3      | Noticed Ijyb
  2772 | D:3      | Killed Ijyb
  2773 | D:3      | Reached skill level 5 in Spellcasting
  2773 | D:3      | Reached XP level 4. HP: 14/24 MP: 1/13
  3195 | D:3      | Noticed Robin
  3203 | D:3      | Killed Robin
  3388 | D:3      | Found a white marble altar of Elyvilon.
  4133 | D:4      | Reached XP level 5. HP: 26/28 MP: 12/15
  4138 | D:4      | Learned a level 4 spell: Animate Dead
  4217 | D:4      | Noticed an ogre
  4225 | D:4      | Killed an ogre
  4226 | D:4      | Reached skill level 6 in Spellcasting
  4455 | D:4      | Noticed an ogre
  4463 | D:4      | Killed an ogre
  4464 | D:4      | Reached XP level 6. HP: 32/32 MP: 6/17
  4567 | D:4      | Learned a level 5 spell: Agony
  4574 | D:4      | Reached skill level 7 in Spellcasting
  4604 | D:4      | Noticed Sigmund
  4606 | D:4      | Noticed Natasha
  4699 | D:4      | Killed from afar by Natasha

Illustrated notes

Levels and vault maps discovered:
D:1:      sevenhm_arrival_forest_fort_large_3, layout_basic,
          ebering_ecumenical_altar_rust
D:2:      layout_rooms, basic_altar
D:3:      layout_loops_ring, general_overflow_altar, uniq_robin, uniq_ijyb
D:4:      layout_loops_ring, uniq_sigmund, uniq_natasha

Skill      XL: |  1  2  3  4  5  6 |
---------------+-------------------+-----
Necromancy     | 5 6 |  6.6
Spellcasting   | 4 5 6 7 |  7.0
Throwing       | |  0.4
Dodging        | |  2.6
Stealth        | |  2.9

Action                   |  1- 3 |  4- 6 || total
-------------------------+-------+-------++-------
Melee: Short sword       |     1 |     1 ||     2
       Dagger            |       |    20 ||    20
Throw: Dart              |    17 |     9 ||    26
 Cast: Pain              |    70 |    49 ||   119
       Vampiric Draining |     7 |     6 ||    13
       Dazzling Flash    |       |     2 ||     2
 Stab: Distracted        |       |     1 ||     1
Armor: Robe              |     4 |       ||     4
       Animal skin       |       |     8 ||     8
Dodge: Dodged            |    10 |    18 ||    28

Table legend: (Time is in decaauts)
 A = Elapsed time spent in this place.
 B = Non-inter-level travel time spent in this place.
 C = Inter-level travel time spent in this place.
 D = Time resting spent in this place.
 E = Time spent auto-exploring this place.
 F = Levels seen in this place.
 G = Mean time per level.
                   A        B        C        D        E       F      G
               +--------+--------+--------+--------+--------+-----+--------+
         Total |   4710 |   4594 |    116 |    739 |   3268 |   4 | 1177.5 |
       Dungeon |   4710 |   4594 |    116 |    739 |   3268 |   4 | 1177.5 |
               +--------+--------+--------+--------+--------+-----+--------+

Top non-repeatable levels by time:
     D:1: 1667 daAuts
     D:3: 1251 daAuts
     D:2: 1000 daAuts
     D:4: 790 daAuts
